 Dungeon Crawl Stone Soup version 0.19.0-16-g73b5abf (webtiles) character file.

8719 kroki the Martial Artist (level 11, 0/91 HPs)
             Began as an Octopode Transmuter on Nov 10, 2016.
             Was a Priest of Makhleb.
             Slain by an eight-headed hydra (3 damage)
             ... on level 1 of the Lair of Beasts.
             The game lasted 00:24:05 (10513 turns).

kroki the Martial Artist (Octopode Transmuter)     Turns: 10513, Time: 00:24:07

Health: 0/91       AC: 15    Str:  9    XL:     11   Next: 35%
Magic:  15/23      EV: 14    Int: 20    God:    Makhleb [***...]
Gold:   583        SH:  0    Dex: 12    Spells: 5 memorised, 1 level left

rFire  x x .     SeeInvis .       - Unarmed
rCold  + + +     Gourm    .     (shield currently unavailable)
rNeg   . . .     Faith    .     (helmet currently unavailable)
rPois  +         Spirit   .     E - amulet of regeneration {+regen, !d}
rElec  .         Reflect  .     m - +5 ring of protection
rCorr  .         Harm     .     w - ring of magical power {MP+9}
MR     .....                    y - ring of ice {rC+, rF-}
Stlth  +.........               Z - ring of poison resistance {rPois, !d}
                                S - +1 ring of protection
                                Y - +2 ring of protection
                                (no ring)
                                (no ring)

@: ice-form
A: almost no armour, stealthy swim, amphibious, 8 rings, (constrict 8),
(camouflage 0), (gelatinous body 0)
a: End Transformation, Minor Destruction, Lesser Servant of Makhleb, Renounce
Religion


You were on level 1 of the Lair of Beasts.
You worshipped Makhleb.
Makhleb was most pleased with you.
You were not hungry.
You were a creature of crystalline ice.
You visited 3 branches of the dungeon, and saw 11 of its levels.
You also visited: Labyrinth and Sewer.

You collected 583 gold pieces.

Inventory:

Missiles
 a - 8 arrows
 j - 5 javelins (quivered)
 F - a throwing net {=f, !d}
Armour
 d - a +1 large shield of reflection
   (You found it in a labyrinth)
Magical Staves
 P - an uncursed staff of energy (melded) {@w1+MP, hungerless spells, !d!a}
   (You found it in a labyrinth)
Rods
 U - a +5 rod of clouds (10/10)
   (You found it in a labyrinth)
Jewellery
 m - a +5 ring of protection (left front paw)
   (You found it on level 3 of the Dungeon)
 p - an uncursed amulet of magic regeneration
   (You found it on level 2 of the Dungeon)
 w - a ring of magical power (right front paw) {MP+9}
   (You found it on level 3 of the Dungeon)
 y - a ring of ice (on tentacle) {rC+, rF-}
   (You found it on level 4 of the Dungeon)
 E - an amulet of regeneration (around neck) {+regen, !d}
   (You found it on level 6 of the Dungeon)
 S - a +1 ring of protection (on tentacle)
   (You found it in a labyrinth)
 T - an uncursed ring of fire {rF+, rC-}
   (You found it in a labyrinth)
 Y - a +2 ring of protection (on tentacle)
   (You found it in a labyrinth)
 Z - a ring of poison resistance (on tentacle) {rPois, !d}
   (You found it in a labyrinth)
Wands
 A - a wand of digging (18/24)
   (You found it on level 5 of the Dungeon)
 H - a wand of paralysis (3/24)
   (You found it on level 6 of the Dungeon)
 K - a wand of disintegration (4/24)
   (You found it on level 8 of the Dungeon)
 O - a wand of lightning (8/15)
   (You found it on level 7 of the Dungeon)
 Q - a wand of iceblast (5/15)
   (You took it off Erica on level 9 of the Dungeon)
 X - a wand of lightning (1/15)
   (You found it in a labyrinth)
Scrolls
 e - 12 scrolls of remove curse
 l - 4 scrolls of teleportation
 t - 2 scrolls of fear
 z - a scroll of fog
 B - 2 scrolls of amnesia
 C - 2 scrolls of enchant armour
 L - 2 scrolls of identify
Potions
 h - 2 potions of haste {unknown}
 k - 2 potions of cancellation
 n - 3 potions of heal wounds
 o - 3 potions of flight
 q - 2 potions of degeneration {unknown}
 r - 2 potions of mutation {unknown}
 s - 7 potions of curing {unknown}
 u - a potion of might
 v - a potion of ambrosia
 G - a potion of beneficial mutation {unknown}
 I - 2 potions of agility {unknown}
 M - a potion of resistance
 R - 2 potions of lignification {unknown}
Books
 V - the Guide on Shifting Ice
   (You found it in a labyrinth)

   Spells                             Type                      Level
   a - Throw Frost                    Conjuration/Ice              2
   b - Irradiate                      Conjuration/Transmutation    5
   c - Simulacrum                     Ice/Necromancy               6
   d - Dragon Form                    Transmutation                7
Comestibles
 b - a chunk of flesh {@w0}
 c - 3 bread rations {@e1}
 f - 8 meat rations {@e2}
 g - 3 slices of pizza
 i - 9 fruits


   Skills:
 + Level 7.7 Fighting
 * Level 8.6 Dodging
 * Level 9.4 Unarmed Combat
 - Level 2.0 Spellcasting
 - Level 8.0 Transmutations
 - Level 3.1 Ice Magic
 - Level 3.0 Poison Magic
 - Level 4.1 Invocations


You had one spell level left.
You knew the following spells:

 Your Spells              Type           Power        Failure   Level  Hunger
a - Ice Form              Ice/Tmut       #####...     17%         4    #####..
b - Blink                 Tloc           N/A          24%         2    ##.....
d - Repel Missiles        Chrm/Air       #.....       24%         2    ##.....
s - Sticks to Snakes      Tmut           ####....     1%          2    ##.....
x - Mephitic Cloud        Conj/Pois/Air  #.......     30%         3    ###....


Dungeon Overview and Level Annotations

Branches:
Dungeon (9/15)             Temple (1/1) D:5            Lair (1/6) D:8
    Orc: D:9-12

Altars:
Ashenzari
Cheibriados
Dithmenos
Elyvilon
Fedhas
Gozag
Hepliaklqana
Kikubaaqudgha
Makhleb
Nemelex Xobeh
Okawaru
Qazlal
Ru
Sif Muna
Trog
Uskayaw
Vehumet
Xom
Yredelemnul
Zin
The Shining One


Innate Abilities, Weirdness & Mutations

You cannot wear most types of armour.
You are very stealthy in the water. (Stealth+)
You are amphibious.
You can wear up to eight rings at the same time.
((You can use your tentacles to constrict eight enemies at once.))
((Your skin changes colour to match your surroundings (Stealth+).))
((Your rubbery body absorbs attacks. (AC +1, EV +1)))


Message History

You now have 19/23 mp.
Casting: Sticks to Snakes You create 2 snakes!
You now have 8 arrows.
The eight-headed hydra bites your ball python!!
Your ball python dies!
You now have 17/23 mp.
Unknown command.
Casting: Sticks to Snakes You feel a surge of power!
You turn into a creature of crystalline ice.
Your uncursed staff of energy {@w1+MP, hungerless spells, !d!a} melds into your body.
Your adder bites the eight-headed hydra.
You now have 91/91 hp.
Unknown command.
You punch the eight-headed hydra!
The eight-headed hydra seems to slow down.
You freeze the eight-headed hydra.
Your adder bites the eight-headed hydra.
Your ball python barely misses the eight-headed hydra.
Your ball python bites the eight-headed hydra.
The eight-headed hydra closely misses you. x2
The eight-headed hydra bites you! x2
The eight-headed hydra completely misses you.
The eight-headed hydra bites you but does no damage. x2
The eight-headed hydra bites you.
A crocodile comes into view.
You take 24 damage, and have 67/91 hp.
MASSIVE DAMAGE!!
You punch the eight-headed hydra!
The eight-headed hydra seems to slow down.
You freeze the eight-headed hydra.
Your adder bites the eight-headed hydra.
Your ball python bites the eight-headed hydra.
Your ball python completely misses the eight-headed hydra.
You hit the eight-headed hydra but do no damage.
Your adder bites the eight-headed hydra.
Your ball python barely misses the eight-headed hydra.
The eight-headed hydra bites your adder.
The eight-headed hydra bites your adder!!
Your adder dies!
The eight-headed hydra closely misses you.
The eight-headed hydra bites you! x2
The eight-headed hydra bites you but does no damage.
The eight-headed hydra barely misses you.
The eight-headed hydra bites you.
Your ball python bites the eight-headed hydra.
You take 26 damage, and have 41/91 hp.
MASSIVE DAMAGE!!
You catch the helpless eight-headed hydra completely off-guard!
You punch the eight-headed hydra! You freeze the eight-headed hydra.
Your ball python bites the eight-headed hydra. x2
The eight-headed hydra bites your ball python!
Your ball python dies!
The eight-headed hydra bites you but does no damage. x2
The eight-headed hydra bites you.
The eight-headed hydra bites you but does no damage.
The eight-headed hydra closely misses you.
The eight-headed hydra bites you!
* * * LOW HITPOINT WARNING * * *
The eight-headed hydra bites you but does no damage.
You take 17 damage, and have 24/91 hp.
You punch the eight-headed hydra!
The eight-headed hydra seems to slow down.
You freeze the eight-headed hydra.
Your ball python bites the eight-headed hydra.
Unknown command.
You completely miss the eight-headed hydra.
Your ball python barely misses the eight-headed hydra.
The eight-headed hydra bites you but does no damage.
The eight-headed hydra bites you.
* * * LOW HITPOINT WARNING * * *
The eight-headed hydra bites you but does no damage.
The eight-headed hydra barely misses you.
The eight-headed hydra misses you. The eight-headed hydra bites you!
* * * LOW HITPOINT WARNING * * *
The eight-headed hydra barely misses you.
The eight-headed hydra bites you!
* * * LOW HITPOINT WARNING * * *
You take 17 damage, and have 7/91 hp.
Unknown command.
Okay, then.
Okay, then.
You feel much better.
Your ball python bites the eight-headed hydra.
The crocodile bites you.
You regained 27 hp, and now have 34/91 hp.
Unknown command.
You hit the eight-headed hydra but do no damage.
Your ball python bites the eight-headed hydra.
The eight-headed hydra bites you!
* * * LOW HITPOINT WARNING * * *
The eight-headed hydra bites you!
* * * LOW HITPOINT WARNING * * *
The eight-headed hydra bites you.
* * * LOW HITPOINT WARNING * * *
The eight-headed hydra bites you but does no damage. x2
The eight-headed hydra barely misses you.
The eight-headed hydra bites you but does no damage.
The eight-headed hydra bites you.
You die...

###P#............######..####
###..P...#.#...............
#......####...............
##..#..# #P..#########.### ###
#.....# ##..# ### ##.####..P.##
#..#####
#..........#####..##..#########
#........#(##.##....<..........
#.##.##.......YD...............
#######.......tS...#####.######
#..######...## ### #..# ##..#
....# #..# .....# #..# ####..#
.# #.%# .. ## ...


You could see an eight-headed hydra, a crocodile and a friendly ball python.

Vanquished Creatures
  Erica (D:9)
  4 gargoyles (Lab)
  2 spiny frogs (Lair:1)
  A komodo dragon (Lair:1)
  A minotaur zombie (Lab)
  A wyvern (D:7)
  6 water moccasins
  2 hell hounds (D:8)
  2 orc warriors
  2 porcupines (Lair:1)
  2 ice beasts
  A black bear (D:9)
  5 ogres
  5 sky beasts
  2 crocodiles (Lair:1)
  A big kobold (Sewer)
  Blork the orc (D:5)
  8 bullfrogs
  A water moccasin zombie (D:8)
  A scorpion (D:7)
  3 killer bees (D:8)
  4 wights (D:7)
  A howler monkey (D:5)
  3 crimson imps
  A centaur zombie (D:8)
  5 hounds
  7 jellies
  3 orc priests
  A gnoll shaman (D:6)
  4 iguanas
  7 orc wizards
  2 bullfrog skeletons
  5 worker ants
  2 worker ant zombies
  Robin (D:2)
  7 gnolls
  2 river rats
  10 adders
  4 shadow imps
  4 oozes (D:1)
  3 adder skeletons
  2 worms
  2 dart slugs (D:2)
  9 leopard geckos
  18 orcs
  7 bats
  10 giant cockroaches
  24 goblins
  12 hobgoblins
  23 jackals
  12 kobolds
  A quokka (D:9)
  2 ball pythons
  4 frilled lizards
  2 jackal skeletons
  12 rats
268 creatures vanquished.

Vanquished Creatures (collateral kills)
  A minotaur (Lab)
  A phantom (D:5)
  A wyvern zombie (D:6)
3 creatures vanquished.

Grand Total: 271 creatures vanquished

Notes
Turn   | Place    | Note
-------+----------+-------------------------------------------
     0 | D:1      | kroki the Octopode Transmuter began the quest for the Orb.
     0 | D:1      | Reached XP level 1. HP: 13/13 MP: 3/3
     1 | D:1      | Found a runed door.
    87 | D:1      | Reached XP level 2. HP: 10/18 MP: 3/5
   933 | D:1      | Learned a level 2 spell: Sticks to Snakes
   939 | D:2      | Reached skill level 4 in Unarmed Combat
   939 | D:2      | Reached XP level 3. HP: 23/23 MP: 4/6
   944 | D:2      | Learned a level 3 spell: Spider Form
  1318 | D:2      | Reached skill level 1 in Poison Magic
  1332 | D:2      | HP: 5/23 [poisoned by an adder]
  1340 | D:2      | HP: 4/23 [poisoned by an adder]
  1677 | D:2      | Reached XP level 4. HP: 27/28 MP: 7/7
  1833 | D:2      | Reached skill level 2 in Poison Magic
  2624 | D:2      | Reached skill level 3 in Poison Magic
  2767 | D:2      | Noticed Robin
  2943 | D:2      | Killed Robin
  2943 | D:2      | Reached XP level 5. HP: 32/33 MP: 4/8
  3190 | D:3      | Found a glowing drain.
  3481 | Sewer    | Entered a sewer
  3489 | Sewer    | Reached skill level 2 in Fighting
  3738 | Sewer    | Noticed a big kobold
  3754 | Sewer    | Killed a big kobold
  3754 | Sewer    | Reached skill level 3 in Dodging
  3754 | Sewer    | Reached XP level 6. HP: 35/41 MP: 9/9
  3808 | Sewer    | Found a white marble altar of Elyvilon.
  4239 | D:4      | Reached skill level 5 in Unarmed Combat
  4339 | D:4      | Noticed a sky beast
  4353 | D:4      | Killed a sky beast
  4353 | D:4      | Reached skill level 3 in Fighting
  4506 | D:4      | Learned a level 4 spell: Ice Form
  4822 | D:5      | Entered Level 5 of the Dungeon
  4822 | D:5      | Noticed Blork the orc
  4834 | D:5      | Killed Blork the orc
  4834 | D:5      | Reached XP level 7. HP: 41/46 MP: 10/10
  4903 | D:5      | Reached skill level 4 in Dodging
  4962 | D:5      | Reached skill level 4 in Fighting
  4963 | D:5      | Reached skill level 6 in Unarmed Combat
  4987 | D:5      | Reached XP level 8. HP: 21/54 MP: 11/11
  5021 | D:5      | HP: 10/54 [acid (8)]
  5235 | D:5      | Found a staircase to the Ecumenical Temple.
  5244 | Temple   | Entered the Ecumenical Temple
  5320 | Temple   | Became a worshipper of Makhleb the Destroyer
  5771 | D:6      | Reached * piety under Makhleb
  5870 | D:6      | Reached skill level 5 in Fighting
  5870 | D:6      | Reached skill level 5 in Dodging
  5915 | D:6      | Reached skill level 1 in Ice Magic
  6536 | D:7      | Noticed a wyvern
  6553 | D:7      | Killed a wyvern
  6613 | D:7      | Reached skill level 7 in Unarmed Combat
  6616 | D:7      | Reached skill level 6 in Dodging
  6616 | D:7      | Reached skill level 2 in Ice Magic
  6621 | D:7      | Reached XP level 9. HP: 59/62 MP: 12/12
  6633 | D:7      | Reached skill level 6 in Fighting
  6965 | D:7      | Identified the Collected Works on Cloudy Poisoning
  7035 | D:7      | Reached ** piety under Makhleb
  7259 | D:8      | Found a staircase to the Lair.
  7298 | D:8      | Reached skill level 3 in Ice Magic
  7400 | D:8      | Reached skill level 7 in Fighting
  7400 | D:8      | Reached skill level 7 in Dodging
  7400 | D:8      | Reached skill level 8 in Unarmed Combat
  7663 | D:8      | Reached skill level 3 in Transmutations
  7728 | D:8      | Reached skill level 4 in Transmutations
  7903 | D:8      | Reached XP level 10. HP: 71/71 MP: 13/13
  7909 | D:8      | Reached skill level 5 in Transmutations
  8299 | D:9      | Reached skill level 6 in Transmutations
  8531 | D:9      | Noticed Erica
  8551 | D:9      | Killed Erica
  8551 | D:9      | Reached skill level 7 in Transmutations
  8581 | D:9      | Reached *** piety under Makhleb
  8762 | D:9      | Reached skill level 1 in Invocations
  8915 | D:9      | Reached skill level 2 in Invocations
  8939 | D:9      | Found a bloodstained altar of Trog.
  9281 | D:9      | Reached skill level 3 in Invocations
  9349 | Lair:1   | Entered Level 1 of the Lair of Beasts
  9366 | Lair:1   | Noticed a spiny frog
  9380 | Lair:1   | Killed a spiny frog
  9385 | Lair:1   | Reached skill level 8 in Transmutations
  9390 | Lair:1   | Reached skill level 4 in Invocations
  9443 | Lair:1   | Found a labyrinth entrance.
  9454 | Lab      | Entered a labyrinth
  9488 | Lab      | Noticed a gargoyle
  9496 | Lab      | Killed a gargoyle
  9504 | Lab      | Noticed a gargoyle
  9508 | Lab      | Killed a gargoyle
  9526 | Lab      | Noticed a gargoyle
  9535 | Lab      | Killed a gargoyle
  9535 | Lab      | Reached XP level 11. HP: 52/75 MP: 14/14
  9839 | Lab      | Noticed a minotaur
  9867 | Lab      | Killed a minotaur
  9867 | Lab      | Reached skill level 8 in Dodging
  9867 | Lab      | Reached skill level 9 in Unarmed Combat
  9881 | Lab      | Identified the Guide on Shifting Ice
 10330 | Lair:1   | Found a shimmering altar of Xom.
 10427 | Lair:1   | Learned a level 2 spell: Repel Missiles
 10430 | Lair:1   | Learned a level 2 spell: Blink
 10447 | Lair:1   | Learned a level 3 spell: Mephitic Cloud
 10500 | Lair:1   | Noticed an eight-headed hydra
 10511 | Lair:1   | HP: 14/91 [eight-headed hydra (9)]
 10513 | Lair:1   | HP: 3/91 [eight-headed hydra (5)]
 10513 | Lair:1   | Slain by an eight-headed hydra

Skill      XL: |  1  2  3  4  5  6  7  8  9 10 11 |
---------------+----------------------------------+-----
Unarmed Combat | 4 5 6 7 8 9 |  9.4
Poison Magic   | 1 3 |  3.0
Fighting       | 2 3 4 5 7 |  7.7
Dodging        | 3 4 6 7 8 |  8.6
Ice Magic      | 2 3 |  3.1
Transmutations | 4 8 |  8.0
Invocations    | 4 |  4.1
Spellcasting   | |  2.0

Action                   |  1- 3 |  4- 6 |  7- 9 | 10-12 || total
-------------------------+-------+-------+-------+-------++-------
Melee: Unarmed           |    66 |   186 |   388 |   201 ||   841
       Constrict         |    20 |    19 |    18 |     5 ||    62
       Tentacles         |     9 |    10 |    12 |     8 ||    39
       Kick              |     3 |       |       |       ||     3
       Punch             |     1 |     1 |     4 |     1 ||     7
Throw: Javelin           |       |     1 |       |       ||     1
 Cast: Beastly Appendage |     6 |       |       |       ||     6
       Spider Form       |       |    20 |    33 |     7 ||    60
       Sticks to Snakes  |       |     3 |    12 |     6 ||    21
       Ice Form          |       |       |       |    19 ||    19
Invok: Lesser Servant of |       |       |       |     4 ||     4
  Use: Potion            |     2 |       |     1 |     1 ||     4
       Scroll            |       |     9 |     5 |     6 ||    20
 Stab: Sleeping          |     3 |     5 |     1 |     3 ||    12
       Distracted        |       |       |     1 |     1 ||     2
  Eat: Chunk             |     2 |    14 |    14 |     5 ||    35
       Beef jerky        |       |       |     1 |       ||     1
       Bread ration      |       |       |       |     2 ||     2
Armor: Skin              |    10 |    28 |    65 |    54 ||   157
Dodge: Dodged            |    70 |   167 |   382 |   136 ||   755

Vault maps used:
D:1:      dpeg_arrival_caged_fury, minmay_domino_4
D:2:      kennysheep_goblin_castle, minmay_goblin_kobold_house
D:3:      portal_sewer_entry_a
D:5:      first_bread, minmay_crystal_water, uniq_blork_the_orc
D:7:      hangedman_abyss_or_decor_stabs
D:8:      minmay_lair_entry_lava
D:9:      basic_altar, uniq_erica
Temple:   compressed_dpeg_circular_temple
Lair:1:   lab_entry_generic, basic_altar
Lab:      labyrinth_hidden_loot, nicolae_lab_t_cross
Sewer:    sewer_kobolds

Table legend:
 A = Turns spent in this place as a percentage of turns spent in the entire game.
 B = Non-inter-level travel turns spent in this place as a percentage of non-inter-level travel turns spent in the entire game.
 C = Inter-level travel turns spent in this place as a percentage of turns spent in this place.
 D = Turns resting spent in this place as a percentage of non-inter-level travel turns spent in this place.
 E = Turns spent auto-exploring this place as a percentage of non-inter-level travel turns spent in this place.
 F = Non-inter-level travel turns spent in this place divided by the number of levels of this place that you've seen.
                   A       B       C       D       E      F
               +-------+-------+-------+-------+-------+----------------------
         Total | 100.0 | 100.0 |   0.3 |   0.7 |   6.7 | 424.1
       Dungeon |  80.3 |  80.3 |   0.3 |   0.5 |   7.4 | 492.0
        Temple |   0.8 |   0.8 |   4.3 |   0.0 |  37.8 |  45.0
          Lair |   7.0 |   7.0 |   0.0 |   0.0 |   3.4 | 386.0
     Labyrinth |  10.2 |  10.2 |   0.0 |   2.3 |   0.0 | 563.0
         Sewer |   1.6 |   1.7 |   0.0 |   4.4 |  13.2 |  91.0
               +-------+-------+-------+-------+-------+----------------------

Table legend:
 A = Kills in this place as a percentage of kills in entire the game.
 B = Kills by you in this place as a percentage of kills by you in the entire game.
 C = Kills by friends in this place as a percentage of kills by friends in the entire game.
 D = Other kills in this place as a percentage of other kills in the entire game.
 E = Experience gained in this place as a percentage of experience gained in the entire game.
 F = Experience gained in this place divided by the number of levels of this place that you have seen.
                   A       B       C       D       E      F
               +-------+-------+-------+-------+-------+----------------------
         Total | 100.0 | 100.0 | 100.0 |  -nan | 100.0 | 958.2
       Dungeon |  89.3 |  89.6 |  66.7 |  -nan |  57.8 | 799.4
          Lair |   4.8 |   4.9 |   0.0 |  -nan |  19.7 | 2449.0
     Labyrinth |   2.2 |   1.9 |  33.3 |  -nan |  21.6 | 2692.0
         Sewer |   3.7 |   3.7 |   0.0 |  -nan |   1.0 | 121.0
               +-------+-------+-------+-------+-------+----------------------
